Map: Ley Lines

Players

VITRyung (Ryung) - Winner!

  • Race: Terran Terran
  • Spawn Location: 1:00

llllllllllll

  • Race: Zerg Zerg
  • Spawn Location: 7:00

VOD

Have the link to the VOD?

Description

Time

  • Played on: Oct. 12, 2025, 9:12 a.m.
  • Length: 10:59
Show
View Real Time Build Order
Export as new Build Order

VITRyung Terran - Winner!

Build Orders: 2 Factory, Reaper Expand 

Get SALT Encoding   

  12  0:00  SCV  
  13  0:12  SCV  
  14  0:17  Supply Depot  
  14  0:24  SCV  
  15  0:38  SCV  
  15  0:39  Barracks  
  16  0:42  Refinery  
  16  0:50  SCV  
  17  1:03  SCV  
  18  1:15  SCV  
  19  1:27  Reaper, Orbital Command  
  20  1:38  Command Center  
  20  1:49  Supply Depot  
  20  1:54  SCV  
  21  1:59  Marine  
  22  2:06  SCV  
  23  2:12  Factory  
  23  2:18  SCV  
  23  2:20  Barracks Reactor  
  24  2:30  SCV  
  25  2:39  Command Center  
  25  2:42  SCV  
  26  2:52  Orbital Command  
  26  2:54  SCV  
  27  2:59  Factory  
  27  3:03  Refinery  
  27  3:06  SCV  
  27  3:11  Marine  
  29  3:14  Hellion  
  29  3:15  Hellion  
  29  3:18  SCV x2  
  35  3:29  Barracks Tech Lab  
  35  3:30  SCV x2  
  37  3:36  Hellion x2  
  41  3:42  Refinery, SCV  
  41  3:43  SCV  
  41  3:46  Factory  
  43  3:52  Orbital Command  
  44  3:55  SCV x2  
  44  4:00  Cyclone  
  48  4:08  SCV x2  
  50  4:10  Supply Depot  
  50  4:14  Barracks Tech Lab  
  50  4:18  Hellion x2  
  50  4:19  SCV  
  50  4:20  SCV  
  50  4:24  Mag-Field Accelerator  
  56  4:26  Orbital Command  
  56  4:32  Cyclone, Supply Depot  
  59  4:40  SCV x2, Refinery  
  59  4:43  Cyclone  
  64  4:50  Hellion x2  
  64  4:52  SCV  
  69  4:55  SCV x2  
  69  4:56  Supply Depot  
  71  5:03  Supply Depot  
  71  5:04  Cyclone, SCV  
  75  5:08  Infernal Pre-Igniter  
  75  5:14  SCV x2  
  77  5:17  SCV  
  77  5:18  Cyclone  
  77  5:19  Hellion x2  
  85  5:26  SCV x2  
  87  5:38  Factory x2  
  87  5:42  SCV x3  
  88  5:43  Cyclone  
  88  5:44  Hellion x2  
  88  5:48  Supply Depot  
  93  5:51  Supply Depot  
  93  5:56  SCV  
  93  5:57  SCV x2  
  93  5:59  Cyclone  
  85  6:07  Supply Depot  
  85  6:08  Hellion x2  
  85  6:09  SCV x3  
  86  6:19  Cyclone  
  86  6:22  SCV x3  
  87  6:28  Factory Tech Lab  
  87  6:31  Refinery x2, Cyclone, Hellion  
  87  6:32  Hellion, Factory Reactor  
  94  6:36  SCV  
  94  6:37  SCV x2, Armory  
  97  6:40  Armory, Supply Depot  
  97  6:50  Cyclone  
  97  6:51  Cyclone  
  97  6:53  SCV x3  
  103  6:58  Hellion x2, Supply Depot  
  107  7:03  Cyclone  
  110  7:09  Supply Depot  
  110  7:11  Command Center  
  106  7:23  Cyclone  
  106  7:24  Terran Vehicle Weapons Level 1  
  106  7:28  Hellion x4, Cyclone  
  120  7:30  SCV x2  
  120  7:31  SCV  
  115  7:43  Cyclone  
  114  7:47  Supply Depot  
  114  7:50  Supply Depot  
  112  7:55  Cyclone, Hellion x2  
  112  7:56  Hellion x2  
  113  8:00  Cyclone  
  113  8:05  Factory  
  113  8:06  Factory  
  113  8:09  Factory  
  108  8:15  Cyclone  
  107  8:22  SCV x3  
  107  8:24  Hellion x4  
  116  8:27  Cyclone  
  117  8:34  SCV  
  117  8:35  Cyclone  
  117  8:40  SCV  
  117  8:41  SCV  
  115  8:47  Engineering Bay, Hellion x2, Cyclone  
  115  8:48  Hellion x2  
  126  8:53  Factory Tech Lab x2, Factory Reactor  
  126  8:59  Cyclone  
  129  9:07  Cyclone  
  126  9:11  Hellion x2  
  126  9:12  Hellion x2  
  127  9:19  Cyclone x2  
  127  9:20  Cyclone  
  127  9:22  Planetary Fortress  
  128  9:24  Refinery  
  128  9:26  SCV  
  128  9:27  SCV x2, Refinery  
  131  9:31  Cyclone  
  131  9:33  Hellion  
  131  9:34  Hellion  
  131  9:36  Hellion  
  131  9:37  Hellion  
  132  9:39  SCV, Cyclone  
  132  9:41  Hellion  
  132  9:43  Hellion  
  129  9:51  Cyclone x2  
  135  9:53  Cyclone  
  136  10:03  Cyclone  
  136  10:05  Hellion x5  
  147  10:11  Supply Depot, Cyclone  
  147  10:12  Supply Depot  
  148  10:20  Hellion  
  144  10:23  Cyclone x2  
  144  10:25  Cyclone  
  144  10:26  Hellion  
  153  10:29  Hellion x2  
  153  10:33  Hellion  
  151  10:38  Command Center  
Show
View Real Time Build Order
Export as new Build Order

llllllllllll Zerg 

Build Orders: Hatch First 

Get SALT Encoding   

  12  0:00  Drone  
  13  0:07  Drone  
  13  0:14  Extractor, Drone  
  15  0:22  Overlord  
  15  0:41  Drone  
  16  0:45  Hatchery  
  16  0:48  Drone  
  16  0:51  Drone  
  16  0:57  Drone  
  18  1:05  Extractor  
  17  1:12  Spawning Pool  
  17  1:14  Drone  
  17  1:17  Drone  
  18  1:26  Drone  
  19  1:37  Drone  
  20  1:47  Drone  
  21  1:59  Queen x2, Zergling x4  
  27  2:09  Drone  
  27  2:10  Overlord  
  28  2:20  Hatchery  
  27  2:24  Drone  
  27  2:29  Drone  
  29  2:34  Queen  
  31  2:40  Drone  
  31  2:41  Metabolic Boost  
  31  2:47  Overlord  
  31  2:50  Drone  
  32  2:54  Drone x2  
  35  2:58  Drone  
  35  3:09  Overlord  
  35  3:11  Drone x4  
  39  3:15  Drone x3  
  42  3:21  Drone  
  43  3:28  Queen  
  43  3:29  Queen  
  47  3:35  Overlord  
  47  3:38  Drone x3  
  47  3:40  Drone  
  51  3:50  Queen, Drone  
  51  3:51  Drone x2  
  51  3:55  Overlord  
  56  3:57  Drone x2  
  56  3:58  Zergling x2  
  56  4:00  Zergling x2  
  56  4:02  Drone x2  
  62  4:08  Queen  
  64  4:12  Drone  
  64  4:14  Overlord, Drone  
  64  4:16  Drone  
  67  4:18  Overlord  
  67  4:22  Zergling x2  
  67  4:24  Lair  
  68  4:27  Queen  
  70  4:32  Overlord  
  70  4:33  Drone  
  70  4:35  Drone  
  70  4:38  Spore Crawler, Drone x3  
  71  4:40  Extractor  
  71  4:43  Drone x2  
  71  4:45  Drone  
  76  4:46  Baneling Nest, Drone  
  76  4:48  Spore Crawler, Overlord  
  76  4:50  Zergling x4  
  76  4:52  Drone  
  78  5:00  Hatchery  
  78  5:01  Drone x2  
  78  5:02  Drone  
  78  5:05  Zergling x6  
  83  5:10  Drone, Evolution Chamber, Extractor  
  83  5:11  Drone  
  83  5:12  Evolution Chamber  
  82  5:15  Spore Crawler  
  82  5:16  Drone x2, Extractor  
  82  5:18  Drone x2, Extractor  
  82  5:19  Drone  
  84  5:23  Overseer  
  84  5:25  Overlord  
  84  5:26  Drone x2  
  84  5:27  Drone  
  86  5:29  Overlord  
  86  5:33  Centrifugal Hooks  
  86  5:35  Zergling x4  
  88  5:41  Zergling x2  
  88  5:42  Zergling x12  
  95  5:45  Queen  
  95  5:48  Zergling x2  
  91  5:51  Queen  
  91  5:53  Baneling x3  
  89  5:58  Zergling x2  
  89  5:59  Zergling x8  
  89  6:02  Queen  
  88  6:06  Zergling x2  
  88  6:07  Zergling x4  
  89  6:15  Zergling x8, Roach Warren  
  83  6:25  Zergling x8  
  84  6:29  Zerg Melee Weapons Level 1, Zerg Missile Weapons Level 1  
  84  6:30  Queen  
  85  6:35  Baneling x3  
  85  6:36  Zergling x8  
  85  6:37  Queen  
  93  6:44  Overlord  
  93  6:45  Overlord x3  
  86  6:56  Zergling x8  
  86  6:58  Overlord  
  86  7:00  Glial Reconstitution  
  87  7:03  Overlord  
  87  7:04  Zergling x8  
  87  7:06  Drone  
  92  7:09  Baneling x3, Drone x2  
  92  7:10  Roach  
  92  7:13  Roach  
  98  7:15  Hatchery  
  98  7:18  Roach  
  92  7:23  Roach x3  
  96  7:30  Infestation Pit  
  96  7:33  Roach x3  
  94  7:42  Roach x7  
  103  7:45  Queen x2  
  103  7:49  Zergling x2  
  101  7:52  Roach x2  
  101  7:55  Zergling x6  
  101  7:57  Queen  
  104  8:01  Zergling x2  
  104  8:03  Zergling x4  
  101  8:07  Roach  
  91  8:14  Drone x2  
  91  8:18  Drone  
  87  8:22  Queen  
  87  8:24  Infestor x2  
  88  8:32  Roach x2  
  88  8:36  Infestor  
  88  8:39  Roach x3  
  93  8:43  Queen  
  93  8:46  Drone x2  
  93  8:48  Ravager x2  
  99  8:49  Drone  
  99  8:52  Zergling x4  
  99  8:53  Baneling x2  
  99  8:54  Drone x5  
  107  8:56  Drone  
  107  8:57  Drone  
  107  9:02  Roach  
  111  9:08  Roach x3  
  107  9:10  Ravager x2  
  107  9:12  Zergling x4  
  104  9:17  Roach x3  
  104  9:20  Roach  
  104  9:21  Zergling x4  
  111  9:25  Drone  
  111  9:26  Hatchery  
  103  9:32  Zergling x6  
  103  9:38  Roach x4  
  103  9:41  Drone x2  
  103  9:42  Drone  
  103  9:44  Drone  
  102  9:46  Drone  
  102  9:47  Ravager x3  
  102  9:52  Baneling x5, Zergling x2  
  107  9:53  Zergling x6  
  107  9:54  Zergling x2  
  107  9:58  Roach x2  
  111  10:01  Zergling x2  
  111  10:04  Roach  
  111  10:05  Zergling x4  
  111  10:06  Queen  
  116  10:08  Queen  
  116  10:11  Ravager  
  116  10:13  Zergling x8  
  122  10:19  Zergling x10  
  119  10:23  Roach  
  119  10:28  Zergling x12  
  119  10:32  Roach  
  106  10:37  Roach  
Tags
 
Add a new tag
Caveats
  • Supply blocks, unpowered buildings, or Contaminate may cause inaccurate times.
  • Supply counts are checked every 10 seconds.